 Dungeon Crawl Stone Soup version 0.24.0-2-g5b39cebb1c (webtiles) character file.

Game seed: 12145145641608947543, levelgen mode: deterministic

12901 Aviak the Fighter (level 11, 0/101 HPs)
             Began as a Green Draconian Abyssal Knight on Oct 31, 2019.
             Was a High Priest of Lugonu.
             Killed from afar by a gargoyle (16 damage)
             ... with a stone arrow
             ... in a volcano.
             The game lasted 00:21:25 (12289 turns).

Aviak the Fighter (Green Draconian Abyssal Knight) Turns: 12289, Time: 00:21:25

Health: 0/101      AC:  9    Str: 20      XL:     11   Next: 68%
Magic:  13/18      EV: 20    Int: 14 (15) God:    Lugonu [*****.]
Gold:   566        SH:  0    Dex: 21 (22) Spells: 10/10 levels left

rFire    + . .     SeeInvis +   o - +0 trident (flame)
rCold    x . .     Gourm    .   (no shield)
rNeg     + . .     Faith    .   (armour unavailable)
rPois    +         Spirit   .   (helmet restricted)
rElec    +         Reflect  .   I - +1 cloak of Zin's Generosity {rElec rN+ rCorr Int+3}
rCorr    +         Harm     .   (no gloves)
MR       .....                  (no boots)
Stlth    ++........             Q - amulet of regeneration
HPRegen  0.26/turn              z - ring of fire
MPRegen  0.16/turn              E - +6 ring of dexterity

@: mighty
A: breathe noxious fumes, unfitting armour, see invisible, agile 1,
deterioration 1, mutation resistance 1, poison resistance, cold-blooded, AC +7
a: Breathe Noxious Fumes, Depart the Abyss, Bend Space, Banish, Corrupt, Enter
the Abyss, Renounce Religion


You were in a volcano.
You worshipped Lugonu.
Lugonu was extremely pleased with you.
You were not hungry.

You visited 2 branches of the dungeon, and saw 13 of its levels.
You visited the Abyss 1 time.
You also visited: Volcano.

You collected 566 gold pieces.

Inventory:

Hand Weapons
 o - a +0 trident of flaming (weapon)
Armour
 C - a scarf of repulsion
 I - the +1 cloak of Zin's Generosity (worn) {rElec rN+ rCorr Int+3}
   (You found it on level 8 of the Dungeon)

   It affects your intelligence (+3).
   It insulates you from electricity.
   It protects you from negative energy.
   It provides partial protection from all sources of acid and corrosion.
 R - the +3 hat of Pondering {ponderous, MR+ MP+10 Int+5}
   (You took it off Gastronok on level 1 of the Lair of Beasts)

   It affects your intelligence (+5).
   It affects your resistance to hostile enchantments.
   It affects your magic capacity (+10).
Jewellery
 s - an uncursed ring of resist corrosion
 u - an uncursed ring of positive energy
 z - a ring of fire (left hand)
 E - a +6 ring of dexterity (right hand)
 G - a +1 ring of slaying
 J - an uncursed ring of wizardry
 Q - an amulet of regeneration (around neck)
 Z - an uncursed ring of see invisible
Wands
 h - a wand of digging (10)
 n - a wand of random effects (9)
 p - a wand of flame (36)
 K - a wand of acid (9)
 S - a wand of iceblast (8)
Scrolls
 d - 3 scrolls of immolation
 r - 2 scrolls of remove curse
 t - 2 scrolls of teleportation
 x - a scroll of blinking
 y - 3 scrolls of fog
 L - 3 scrolls of enchant armour
 M - a scroll of fear
Potions
 e - 2 potions of degeneration {!q!q}
 f - 2 potions of haste
 g - 5 potions of might
 j - 3 potions of agility
 k - a potion of mutation {!q}
 l - a potion of cancellation
 m - a potion of resistance
 q - 2 potions of lignification {!q}
 v - a potion of invisibility
 w - a potion of magic
 B - a potion of brilliance
 D - a potion of ambrosia
Miscellaneous
 O - a phantom mirror
Comestibles
 b - 7 rations


   Skills:
 + Level 10.9 Fighting
 + Level 9.7 Polearms
 + Level 9.0 Dodging
 + Level 10.5 Invocations


You had 10 spell levels left.
You didn't know any spells.
Your spell library contained the following spells:

 Spells                   Type           Power        Failure   Level  Hunger
 Animate Skeleton         Necr           N/A          28%         1    ##.....
 Apportation              Tloc           #.....       28%         1    ##.....
 Confusing Touch          Hex            #.....       28%         1    ##.....
 Summon Small Mammal      Summ           #...         28%         1    ##.....


Dungeon Overview and Level Annotations

Branches:
Dungeon (12/15)            Temple (0/1) D:5            Lair (1/6) D:10
Volcano (1/1)
    Orc: D:9-12

Altars:
Ashenzari
Cheibriados
Dithmenos
Fedhas
Hepliaklqana
Kikubaaqudgha
Ru
Vehumet
Xom
Yredelemnul
Zin
The Shining One

Shops:
D:10 (

Annotations:
Abyss:1 Menkaure


Innate Abilities, Weirdness & Mutations

You can breathe blasts of noxious fumes.
Your lurid green scales are hard. (AC +7)
You cannot fit into any form of body armour.
Your system is resistant to poisons. (rPois)
You are cold-blooded and may be slowed by cold attacks.
You have supernaturally acute eyesight. (SInv)
You are agile. (Dex +2)
Your body sometimes deteriorates upon taking damage.
You are somewhat resistant to further mutation.


Message History

You impale the spriggan skeleton!! You burn the spriggan skeleton.
The spriggan skeleton is heavily damaged.
The spriggan skeleton closely misses you.
You closely miss the spriggan skeleton. You tail-slap the spriggan skeleton.
The spriggan skeleton is heavily damaged.
The spriggan skeleton barely misses you.
You puncture the spriggan skeleton! You burn the spriggan skeleton.
The spriggan skeleton is severely damaged.
The troll skeleton is engulfed in blazing flames.
You puncture the spriggan skeleton! You burn the spriggan skeleton.
The spriggan skeleton is almost destroyed.
The spriggan skeleton hits you!
* * * LOW HITPOINT WARNING * * *
Okay, then.
You closely miss the spriggan skeleton. You tail-slap the spriggan skeleton.
You destroy the spriggan skeleton!
Lugonu accepts your kill.
The gargoyle hurls a stone arrow at you.
The stone arrow hits you!
You die...

########### ###..##...@.####
##........###.9.##
###......§§.....Z..###
###........§°≈°○.......###
##.........○○°○§°°≈§.....°###
#..∩.∩....≈§§○≈○≈≈≈§.≈...○..#####
..........§○°○○§○§≈§§§≈§≈.....#.#
....§..≈≈§§§§°°≈≈§§§§≈≈≈≈°.≈...≈.
..≈≈§§§§≈≈≈§§○≈°°○°°○°≈§≈≈≈§≈....


You could see a gargoyle and a troll skeleton.

Vanquished Creatures
  Gastronok (Lair:1)
  2 two-headed ogres (D:10)
  2 death yaks (D:10)
  A gargoyle (Volcano)
  Psyche (D:8)
  A komodo dragon (Lair:1)
  A troll (D:9)
  A harpy skeleton (Volcano)
  An alligator skeleton (Volcano)
  A flying skull (Volcano)
  3 wyverns
  A wraith (D:8)
  A hungry ghost (D:8)
  Grum (Lair:1)
  2 water moccasins
  2 ice beasts
  3 porcupines (D:10)
  4 orc warriors
  A sky beast (D:8)
  2 hornet zombies
  2 black bears
  4 necrophages (D:6)
  2 wolves (Lair:1)
  3 phantoms
  2 centaurs
  3 crocodiles
  Blork the orc (D:4)
  2 bullfrogs
  3 scorpions
  15 killer bees
  8 wights
  A spriggan skeleton (Volcano)
  A troll skeleton (Volcano)
  6 howler monkeys
  6 crimson imps
  2 quasits
  2 bullfrog skeletons
  5 hounds
  5 jellies
  Crazy Yiuf (D:4)
  2 centaur skeletons
  An orc priest (D:11)
  7 iguanas
  An iron imp (D:5)
  3 orc wizards
  4 worker ants
  Natasha (thrice) (D:4)
  A hell rat (D:10)
  A naga skeleton (Volcano)
  A hound zombie (D:8)
  A hound skeleton (D:7)
  2 worker ant zombies
  8 gnolls
  10 adders
  3 shadow imps
  A white imp (D:9)
  2 oozes
  An adder zombie (D:6)
  An adder skeleton (D:5)
  A worm (D:3)
  A dart slug (D:1)
  9 leopard geckos
  31 orcs
  2 ball pythons
  A bat zombie (D:5)
  6 giant cockroaches
  7 goblins
  4 hobgoblins
  12 jackals
  9 kobolds
  7 quokkas
  10 bats
  7 frilled lizards
  A goblin zombie (D:9)
  5 hobgoblin zombies (D:9)
  A kobold skeleton (D:9)
  2 kobold zombies (D:9)
  2 leopard gecko skeletons (D:4)
  An orc skeleton (D:9)
  3 orc zombies (D:9)
  A quokka skeleton (D:4)
  A quokka zombie (D:7)
  8 rats
  2 rat zombies (D:5)
  A bush (D:6)
294 creatures vanquished.

Vanquished Creatures (collateral kills)
  A wolf (Lair:1)
1 creature vanquished.

Vanquished Creatures (others)
  A skeletal warrior (D:11)
  3 gargoyles
  2 flying skulls (Volcano)
  A wolf (Lair:1)
  An orc (D:11)
  2 plants (D:6)
10 creatures vanquished.

Grand Total: 305 creatures vanquished

Notes
Turn   | Place    | Note
-------+----------+-------------------------------------------
     0 | Abyss:1  | Aviak the Draconian Abyssal Knight began the quest for the
                  | Orb.
     0 | Abyss:1  | Reached XP level 1. HP: 19/19 MP: 2/2
    39 | Abyss:1  | Noticed a quasit
    40 | D:1      | Escaped the Abyss
    78 | D:1      | Reached XP level 2. HP: 26/26 MP: 3/3
   206 | D:1      | Reached * piety under Lugonu
   539 | D:1      | Reached XP level 3. HP: 33/33 MP: 4/4
  1004 | D:2      | Reached XP level 4. HP: 38/40 MP: 6/6
  1016 | D:2      | Reached ** piety under Lugonu
  1102 | D:2      | You fall into a shaft and drop 1 floor!
  1155 | D:3      | Found a radiant altar of Vehumet.
  1650 | D:2      | Found a shattered altar of Ashenzari.
  1685 | D:3      | Reached XP level 5. HP: 46/46 MP: 7/7
  1839 | D:3      | Reached *** piety under Lugonu
  1976 | D:4      | Found a shimmering altar of Xom.
  2229 | D:4      | Found a sacrificial altar of Ru.
  2229 | D:4      | Noticed Natasha
  2239 | D:4      | Killed Natasha
  2239 | D:4      | Reached XP level 6. HP: 53/53 MP: 8/8
  2507 | D:4      | Found a glowing silver altar of Zin.
  2507 | D:4      | Noticed Blork the orc
  2519 | D:4      | Killed Blork the orc
  2519 | D:4      | Reached skill level 5 in Fighting
  2904 | D:4      | Noticed Natasha
  2914 | D:4      | Killed Natasha
  2914 | D:4      | Your scales start taking on a lurid green colour.
  2914 | D:4      | Reached XP level 7. HP: 42/61 MP: 10/10
  2914 | D:4      | Gained mutation: Your system is resistant to poisons.
                  | (rPois) [Green Draconian growth]
  3237 | D:4      | Noticed Natasha
  3244 | D:4      | Killed Natasha
  3261 | D:4      | Found a runed translucent door.
  3262 | D:4      | Noticed Crazy Yiuf
  3544 | D:4      | Killed Crazy Yiuf
  3596 | D:5      | Entered Level 5 of the Dungeon
  3738 | D:5      | Reached skill level 5 in Invocations
  3824 | D:5      | Found a staircase to the Ecumenical Temple.
  3927 | D:5      | Reached XP level 8. HP: 70/70 MP: 12/12
  3970 | D:5      | Reached skill level 5 in Polearms
  4137 | D:5      | Reached **** piety under Lugonu
  4261 | D:5      | Found an ancient bone altar of Kikubaaqudgha.
  4410 | D:5      | Found a snail-covered altar of Cheibriados.
  4432 | D:5      | Reached skill level 5 in Dodging
  5060 | D:6      | Found a blossoming altar of Fedhas.
  5090 | D:6      | Found a basalt altar of Yredelemnul.
  5531 | D:7      | Reached XP level 9. HP: 78/78 MP: 13/13
  5613 | D:7      | Noticed Menkaure
  5627 | D:7      | Banished Menkaure
  5883 | D:7      | Found a shadowy altar of Dithmenos.
  6559 | D:8      | Got an ichor-stained cloak
  6570 | D:8      | Identified the +1 cloak of Zin's Generosity {rElec rN+
                  | rCorr Int+3} (You found it on level 8 of the Dungeon)
  6696 | D:8      | Noticed Psyche
  6703 | D:8      | Killed Psyche
  6791 | D:8      | Found a hazy altar of Hepliaklqana.
  7427 | D:9      | Noticed a troll
  7435 | D:9      | Killed a troll
  7435 | D:9      | Reached XP level 10. HP: 89/90 MP: 16/16
  7518 | D:9      | Found a glowing golden altar of the Shining One.
  7522 | D:9      | Reached ***** piety under Lugonu
  7847 | D:10     | Entered Level 10 of the Dungeon
  7847 | D:10     | Noticed a gargoyle
  7847 | D:10     | Noticed a two-headed ogre
  7850 | D:10     | Banished a gargoyle
  7862 | D:10     | Killed a two-headed ogre
  8246 | D:10     | Noticed a two-headed ogre
  8265 | D:10     | Killed a two-headed ogre
  8623 | D:10     | Found Wychiurae's Antique Weapon Shoppe.
  8859 | D:10     | Noticed a death yak
  8861 | D:10     | Noticed a death yak
  8869 | D:10     | Noticed a death yak
  8896 | D:10     | Gained mutation: Scrolls take you a little longer to read.
                  | [potion of mutation]
  8896 | D:10     | Gained mutation: You evolve. [potion of mutation]
  8904 | D:10     | Killed a death yak
  8918 | D:10     | Killed a death yak
  9321 | D:10     | Noticed a gargoyle
  9323 | D:10     | Banished a gargoyle
  9458 | D:10     | Reached skill level 10 in Fighting
  9458 | D:10     | Reached XP level 11. HP: 86/99 MP: 18/18
  9472 | D:10     | Found a staircase to the Lair.
  9741 | D:11     | Gained mutation: You are agile. (Dex +2) [evolution]
  9822 | D:11     | Lost mutation: You are agile. (Dex +2) [potion of mutation]
  9822 | D:11     | Lost mutation: Scrolls take you a little longer to read.
                  | [potion of mutation]
  9822 | D:11     | Lost mutation: You evolve. [potion of mutation]
  9822 | D:11     | Gained mutation: You have supernaturally acute eyesight.
                  | (SInv) [potion of mutation]
  9822 | D:11     | Gained mutation: Your body sometimes deteriorates upon
                  | taking damage. [potion of mutation]
  9822 | D:11     | Gained mutation: You are agile. (Dex +2) [potion of
                  | mutation]
  9822 | D:11     | Gained mutation: You are somewhat resistant to further
                  | mutation. [potion of mutation]
 10705 | D:12     | Noticed a skeletal warrior
 10708 | D:12     | Noticed a skeletal warrior
 10708 | D:12     | Noticed a skeletal warrior
 10709 | D:12     | Noticed a skeletal warrior
 10748 | D:11     | Banished a skeletal warrior
 11375 | Lair:1   | Entered Level 1 of the Lair of Beasts
 11415 | Lair:1   | Noticed Gastronok
 11453 | Lair:1   | Killed Gastronok
 11453 | Lair:1   | Reached skill level 10 in Invocations
 11508 | Lair:1   | Noticed Grum
 11711 | Lair:1   | Killed Grum
 11965 | Lair:1   | Found a dark tunnel.
 11972 | Volcano  | Entered a volcano
 12289 | Volcano  | Killed from afar by a gargoyle

Levels and vault maps discovered:
D:1:      evilmike_arrival_sounds_zot, layout_loops_ring
D:2:      layout_rooms, lemuel_coloured_pillars_altar
D:3:      layout_basic, vehumet_crystals
D:4:      layout_loops_cross, grunt_temple_overflow_open,
          uniq_crazy_yiuf_cottage, uniq_blork_the_orc, uniq_natasha
D:5:      layout_loops_ring, lemuel_zombie_altar_kikubaaqudgha, slow_altar_2,
          minmay_temple_entry_glass, first_ration
D:6:      layout_rooms, marbit_many_paths, fedhas_altar_decomposition
D:7:      layout_basic, nicolae_dithmenos_shadow_blocks, uniq_menkaure
D:8:      layout_basic, kennysheep_mini_moat, uniq_psyche
D:9:      layout_rooms, nicolae_tso_besieged_by_evil
D:10:     layout_cave_pods, dpeg_lair_monsters, serial_shops, shop
D:11:     layout_stronghold
D:12:     layout_long_grid, orc_0_dummy, serial_shops, shop, uniq_snorg,
          uniq_maurice
Lair:1:   layout_regular_city, nicolae_volcano_entry_two_sided, uniq_gastronok,
          uniq_grum
Volcano:  volcano_tomb [vts_chambers]

Skill      XL: |  1  2  3  4  5  6  7  8  9 10 11 |
---------------+----------------------------------+-----
Invocations    | 3 4 5 6 8 9 10 | 10.5
Fighting       | 4 5 6 7 8 10 | 10.9
Polearms       | 3 4 6 7 8 9 |  9.7
Dodging        | 3 4 5 7 8 9 |  9.0

Action                   |  1- 3 |  4- 6 |  7- 9 | 10-12 || total
-------------------------+-------+-------+-------+-------++-------
Melee: Spear             |   123 |    16 |       |       ||   139
       Tailslap          |    10 |    20 |    76 |    72 ||   178
       Trident           |       |   194 |   552 |   406 ||  1152
Invok: Depart the Abyss  |     1 |       |       |       ||     1
       Banish            |       |       |     1 |     9 ||    10
 Abil: Breathe Noxious F |       |       |     9 |    23 ||    32
Evoke: Wand              |       |     2 |     2 |    10 ||    14
  Use: Scroll            |       |     3 |     4 |    12 ||    19
       Potion            |       |     2 |     2 |     9 ||    13
 Stab: Sleeping          |     1 |     1 |     4 |     1 ||     7
       Confused          |       |       |     4 |    21 ||    25
       Distracted        |       |       |       |     1 ||     1
  Eat: Chunk             |       |     5 |     5 |    14 ||    24
       Ration            |       |     1 |     4 |     3 ||     8
Armor: Skin              |    28 |    48 |    81 |    84 ||   241
Dodge: Dodged            |    62 |   127 |   262 |   381 ||   832
